AoeStats
← MZTK | KaLiuM

Arena

509773403Analyzed
4v4 RM · 4d ago on Sep 28, 2026· 60m 10s· 8 players
Game mode
Random Map
Map size
Large (8 player)
Population
200
Speed
Normal
Resources
Standard
Victory
Conquest
Starting age
Dark Age
Ending age
Imperial Age
RankedLock teamsTeams togetherTeam positionsShared explorationLock speedFull tech treeHidden civsTurbo modeCheats
Victory
Defeat
🇩🇴 Georgians · Dominican Republic
1684
+10
🇩🇴 Britons · Dominican Republic
1672
+10
🇩🇴 Slavs · Dominican Republic
1473
+18
🇩🇴 Khmer · Dominican Republic
1468
+18
🇨🇴 Mongols · Colombia
1565
-15
🇺🇸 Persians · United States
1540
-14
🇹🇷 Mongols · Türkiye
1528
-14
🇲🇽 Danes · Mexico
1501
-13
Freakcles
4:39 Loom
10:54 Feudal Age
15:04 Castle Age
13:11 Horse Collar
14:05 Double-Bit Axe
15:36 Light Cavalry
18:03 Bow Saw
25:42 Scale Barding Armor
26:55 Forging
27:05 Bloodlines
29:10 Chain Barding Armor
32:50 Wheelbarrow
32:24 Pikeman
33:04 Squires
37:26 Imperial Age
34:51 Gold Mining
35:27 Husbandry
36:47 Iron Casting
36:12 Scale Mail Armor
37:27 Cavalier
39:25 Plate Barding Armor
40:15 Halberdier
42:29 Hand Cart
42:04 Savar
43:32 Coinage
45:41 Fletching
46:07 Chain Mail Armor
55:00 Thumb Ring
MZTK | KaLiuM
9:48 Feudal Age
13:37 Castle Age
12:36 Horse Collar
13:30 Loom
15:37 Wheelbarrow
15:20 Double-Bit Axe
20:12 Bow Saw
20:33 Fletching
24:03 Bodkin Arrow
28:18 Fortified Wall
30:31 Stone Mining
32:42 Town Watch
34:22 Gold Mining
36:08 Hand Cart
40:57 Heavy Plow
50:54 Caravan
54:24 Imperial Age
54:25 Onager
55:22 Siege Engineers
56:22 Chemistry
55:46 Conscription
56:31 Drill
55:43 Light Cavalry
56:33 Bloodlines
56:23 Husbandry
56:31 Scale Barding Armor
55:58 Siege Onager
56:31 Light Cavalry
57:22 Bloodlines
57:12 Husbandry
57:30 Scale Barding Armor
57:36 Forging
58:03 Ballistics
59:08 Chain Barding Armor
58:48 Bracer
58:11 Hussar
59:48 Thumb Ring
59:46 Nomads
ValerioN__
9:44 Feudal Age
13:35 Castle Age
12:27 Double-Bit Axe
12:23 Horse Collar
14:58 Bow Saw
24:55 Wheelbarrow
29:12 Imperial Age
26:40 Fletching
27:39 Bodkin Arrow
27:45 Padded Archer Armor
28:08 Ballistics
28:56 Heavy Plow
28:47 Gold Mining
28:48 Stone Mining
29:55 Bracer
30:57 Chemistry
30:43 Leather Archer Armor
31:22 Devotion
31:49 Siege Engineers
32:26 Elite Mangudai
33:28 Conscription
34:01 Thumb Ring
34:22 Parthian Tactics
35:08 Coinage
35:02 Bloodlines
34:53 Husbandry
36:28 Capped Ram
37:20 Masonry
37:18 Siege Ram
39:39 Drill
44:16 Caravan
43:55 Onager
47:50 Banking
51:03 Scale Barding Armor
51:09 Forging
52:53 Light Cavalry
54:00 Chain Barding Armor
54:07 Hussar
55:29 Iron Casting
edengr7
9:48 Feudal Age
14:02 Castle Age
12:47 Loom
12:54 Double-Bit Axe
14:54 Loom
17:59 Horse Collar
23:50 Wheelbarrow
26:37 Bow Saw
32:52 Heavy Plow
37:13 Imperial Age
36:47 Forging
37:02 Scale Mail Armor
37:17 Masonry
37:18 Squires
37:20 Elite Jomsviking
38:20 Conscription
37:25 Capped Ram
38:49 Iron Casting
38:44 Hand Cart
40:31 Devotion
40:34 Light Cavalry
43:52 Blast Furnace
42:58 Scale Barding Armor
43:19 Bloodlines
47:20 Hoardings
46:13 Onager
47:39 Chain Barding Armor
47:35 Chain Mail Armor
52:15 Plate Barding Armor
52:21 Pikeman
56:24 Gold Mining
56:25 Stone Mining
58:24 Plate Mail Armor
58:06 Elite Varangian Guard
58:45 Hamask
RD | Frostwhispers
10:26 Feudal Age
14:27 Castle Age
12:18 Horse Collar
12:23 Double-Bit Axe
15:41 Bow Saw
16:36 Fletching
19:31 Bodkin Arrow
20:22 Padded Archer Armor
24:55 Wheelbarrow
25:23 Ballistics
27:35 Hand Cart
33:21 Imperial Age
32:03 Gold Mining
32:04 Stone Mining
32:53 Heavy Plow
32:42 Loom
32:43 Town Watch
34:09 Yeomen
34:06 Bracer
35:25 Chemistry
36:28 Elite Longbowman
37:52 Conscription
38:20 Leather Archer Armor
39:21 Gold Shaft Mining
41:21 Ring Archer Armor
44:47 Warwolf
53:56 Guilds
54:18 Siege Engineers
RD | Nfasis
9:28 Feudal Age
10:09 Loom
13:23 Castle Age
16:59 Double-Bit Axe
20:46 Wheelbarrow
23:33 Fletching
26:24 Bow Saw
36:37 Hand Cart
38:47 Ballistics
45:43 Imperial Age
45:45 Capped Ram
46:10 Heavy Scorpion
49:18 Siege Ram
59:07 Conscription
58:58 Siege Engineers
59:58 Chemistry
RD | El_Zapatero22
10:48 Feudal Age
14:28 Castle Age
13:22 Bloodlines
13:27 Double-Bit Axe
15:22 Horse Collar
18:11 Scale Barding Armor
19:02 Forging
20:50 Chain Barding Armor
21:55 Husbandry
23:50 Loom
26:14 Wheelbarrow
28:31 Iron Casting
30:42 Sanctity
31:47 Hand Cart
34:47 Imperial Age
31:39 Light Cavalry
33:19 Fervor
33:48 Redemption
33:54 Fletching
35:44 Block Printing
36:05 Theocracy
36:19 Coinage
36:18 Bow Saw
35:59 Gold Mining
38:40 Plate Barding Armor
37:56 Capped Ram
40:17 Blast Furnace
40:51 Hussar
41:28 Cavalier
44:19 Devotion
46:08 Siege Ram
51:27 Banking
55:02 Aznauri Cavalry
55:18 Heavy Plow
56:41 Conscription
RD | Telematico
10:25 Feudal Age
14:04 Castle Age
12:26 Double-Bit Axe
19:42 Bow Saw
20:49 Horse Collar
23:36 Wheelbarrow
22:57 Gold Mining
22:57 Stone Mining
23:56 Heavy Plow
24:32 Gold Shaft Mining
25:16 Town Watch
25:47 Hand Cart
25:18 Loom
27:23 Scale Mail Armor
27:33 Forging
26:54 Pikeman
27:35 Squires
30:05 Imperial Age
27:46 Detinets
28:55 Town Patrol
29:12 Chain Mail Armor
30:55 Iron Casting
30:26 Scale Barding Armor
30:25 Halberdier
31:38 Coinage
31:36 Conscription
32:24 Two-Man Saw
31:55 Crop Rotation
30:55 Capped Ram
31:53 Fletching
33:05 Blast Furnace
31:52 Siege Ram
32:41 Heavy Scorpion
34:34 Plate Mail Armor
34:25 Chain Barding Armor
33:56 Fletching
34:06 Padded Archer Armor
36:14 Ballistics
36:55 Chemistry
36:06 Masonry
36:01 Siege Engineers
35:53 Murder Holes
36:03 Druzhina
36:17 Bloodlines
36:07 Husbandry
36:44 Light Cavalry
38:04 Hoardings
37:47 Bodkin Arrow
38:08 Leather Archer Armor
38:28 Plate Barding Armor
38:28 Hussar
41:25 Elite Boyar
44:14 Ring Archer Armor
50:51 Banking
60:02 Caravan
Connection lost

Rejoining the realm…

Still unreachable

The connection could not be restored.

Session expired

The server has moved on; the page needs a fresh start.